Cogmind - Beta 15 @@@ ROGUE MODE // 2025.05.18 @ 20:37:13 // Winter2022/Polymind Player: MolePlayingNice Result: Destroyed by P-80 Master with Gamma Rifle Performance ------------- Evolutions (9) 4500 Regions Visited (29) 5800 Robots Destroyed (109) 545 Value Destroyed (5934) 5934 Prototype IDs (29) 580 Alien Tech Used (0) 0 Bonus (23799) 23799 TOTAL SCORE: 40918 Bonus ------- Polymind Skill 16568 Pacifist 200 High Alert Combat Kills 656 Follower Combat Kills 194 Entered DSFs 500 Met Data Miner 300 Met Zhirov 300 Met Warlord at Base 500 MAIN.C Attacked Warlord 500 Warlord Defense Kills 2420 Met Warlord at Research 2000 Friendly Fire -339 Cogmind --------- Core Integrity 0/1600 Matter 0/0 Energy 20/100 System Corruption 8% Temperature Cool (0) Movement Core (50) Location -1/Access Parts ------- > --- POWER (1) -------- (None) > --- PROPULSION (3) --- (None) > --- UTILITY (5) ------ (None) > --- WEAPON (3) ------- (None) > --- INVENTORY (0) ---- (None) Peak State ------------ > --- POWER ------------ Antimatter Reactor Antimatter Reactor Antimatter Reactor Antimatter Reactor > --- PROPULSION ------- Heavy Treads Heavy Treads Heavy Treads Heavy Treads > --- UTILITY ---------- Advanced Cooling System Advanced Cooling System Experimental Energy Well Enhanced Optical Array Advanced Recoil Stabilizer Improved Core Shielding Heavy Reflective Plating Advanced Focal Shield > --- WEAPON ----------- Heavy Beamcaster Heavy Beamcaster Bore Cannon Bore Cannon Micro-nuke Launcher > --- INVENTORY -------- (None) [Rating: 159] Favorites ----------- Power Antimatter Reactor Engine Light Ion Engine Power Core Neutrino Core Reactor Antimatter Reactor Propulsion Heavy Treads Treads Heavy Treads Leg Aluminum Leg Wheel Wheel Hover Unit Combat Linear Gravjet Flight Unit VTOL Module Utility Advanced Heat Sink Device Advanced Heat Sink Storage Small Matter Pod Processor Enhanced Optical Array Hackware Hacking Suite Protection Improved Medium Armor Plating Weapon Heavy Beamcaster Energy Gun Heavy Beamcaster Energy Cannon Nova Cannon Ballistic Gun KE Penetrator Ballistic Cannon Bore Cannon Launcher Micro-nuke Launcher Special Weapon Mining Laser Impact Weapon Hammer Special Melee Weapon Datajack Build | -11 -10 -10 -9 -9 -9 -8 -8 -7 -7 -7 -7 -6 -6 -6 -5 -5 -5 -5 -5 -5 -4 -4 -4 -4 -4 -3 -3 -2 -1 ------- Run | Yrd Mat Min Mat Min Exi Min Mat Fac Low Low Dat Pro Fac DSF Fac Was Fac Upp Upp Zhi Pro Fac Upp Upp War Pro Res Res Acc Slots Evolved . | . . . . . . . . . . . . . . . . . . . . . . . . . . . . . . Power . | . . . . . . . . . . . . . . . . . . . . . . . . . . . . . . Propulsion . | . . . . . . . . . . . . . . . . . . . . . . . . . . . . . . Utility . | . . . . . . . . . . . . . . . . . . . . . . . . . . . . . . Weapon . | . . . . . . . . . . . . . . . . . . . . . . . . . . . . . . Parts Attached . | . . . . . . . . . . . . . . . . . . . . . . . . . . . . . . Power . | . . . . . . . . . . . . . . . . . . . . . . . . . . . . . . Engine . | . . . . . . . . . . . . . . . . . . . . . . . . . . . . . . Core . | . . . . . . . . . . . . . . . . . . . . . . . . . . . . . . Reactor . | . . . . . . . . . . . . . . . . . . . . . . . . . . . . . . Propulsion . | . . . . . . . . . . . . . . . . . . . . . . . . . . . . . . Treads . | . . . . . . . . . . . . . . . . . . . . . . . . . . . . . . Leg . | . . . . . . . . . . . . . . . . . . . . . . . . . . . . . . Wheel . | . . . . . . . . . . . . . . . . . . . . . . . . . . . . . . Hover . | . . . . . . . . . . . . . . . . . . . . . . . . . . . . . . Flight . | . . . . . . . . . . . . . . . . . . . . . . . . . . . . . . Utility . | . . . . . . . . . . . . . . . . . . . . . . . . . . . . . . Device . | . . . . . . . . . . . . . . . . . . . . . . . . . . . . . . Storage . | . . . . . . . . . . . . . . . . . . . . . . . . . . . . . . Processor . | . . . . . . . . . . . . . . . . . . . . . . . . . . . . . . Hackware . | . . . . . . . . . . . . . . . . . . . . . . . . . . . . . . Protection . | . . . . . . . . . . . . . . . . . . . . . . . . . . . . . . Artifact . | . . . . . . . . . . . . . . . . . . . . . . . . . . . . . . Weapon . | . . . . . . . . . . . . . . . . . . . . . . . . . . . . . . Energy Gun . | . . . . . . . . . . . . . . . . . . . . . . . . . . . . . . Energy Cannon . | . . . . . . . . . . . . . . . . . . . . . . . . . . . . . . Ballistic Gun . | . . . . . . . . . . . . . . . . . . . . . . . . . . . . . . Ballistic Cannon . | . . . . . . . . . . . . . . . . . . . . . . . . . . . . . . Launcher . | . . . . . . . . . . . . . . . . . . . . . . . . . . . . . . Special Weapon . | . . . . . . . . . . . . . . . . . . . . . . . . . . . . . . Impact Weapon . | . . . . . . . . . . . . . . . . . . . . . . . . . . . . . . Slashing Weapon . | . . . . . . . . . . . . . . . . . . . . . . . . . . . . . . Piercing Weapon . | . . . . . . . . . . . . . . . . . . . . . . . . . . . . . . Special Melee Weapon . | . . . . . . . . . . . . . . . . . . . . . . . . . . . . . . Unidentified Prototypes . | . . . . . . . . . . . . . . . . . . . . . . . . . . . . . . Parts Lost 59 | . . . . . . 2 2 . 1 . . 8 . . . . . . . . 5 7 . . . 1 . 2 31 Power 9 | . . . . . . . 1 . . . . 1 . . . . . . . . 1 2 . . . . . . 4 Propulsion 19 | . . . . . . 1 1 . 1 . . 2 . . . . . . . . 2 3 . . . . . 1 8 Utility 14 | . . . . . . 1 . . . . . 3 . . . . . . . . 1 1 . . . 1 . . 7 Weapon 17 | . . . . . . . . . . . . 2 . . . . . . . . 1 1 . . . . . 1 12 Highest Loss Streak 12 | . . . . . . 2 2 . 1 . . 8 . . . . . . . . 4 7 . . . 1 . 1 12 To Critical Strikes 1 | . . . . . . . . . . . . 1 . . . . . . . . . . . . . . . . . Average Backups . | . . . 2 . . . . . . . . . . . 9 12 6 . . . . . . . . . . . . Power . | . . . . . . . . . . . . . . . 1 2 1 . . . . . . . . . . . . Propulsion . | . . . . . . . . . . . . . . . 3 4 2 . . . . . . . . . . . . Utility . | . . . 1 . . . . . . . . . . . 1 2 1 . . . . . . . . . . . . Weapon . | . . . . . . . . . . . . . . . 3 4 2 . . . . . . . . . . . . Tool/Special . | . . . . . . . . . . . . . . . . . . . . . . . . . . . . . . Unused Backups 25 | . 1 . 10 . . . . . . . . . . . . . 12 . . . 1 . . . 1 . . . . Power 2 | . . . . . . . . . . . . . . . . . 2 . . . . . . . . . . . . Propulsion 7 | . . . 3 . . . . . . . . . . . . . 4 . . . . . . . . . . . . Utility 9 | . . . 7 . . . . . . . . . . . . . 2 . . . . . . . . . . . . Weapon 5 | . . . . . . . . . . . . . . . . . 4 . . . . . . . 1 . . . . Tool/Special 2 | . 1 . . . . . . . . . . . . . . . . . . . 1 . . . . . . . . Average Slot Usage (%) 77 | . 89 96 90 100 100 97 56 40 29 20 20 83 . . 87 100 94 100 100 100 87 44 100 100 89 82 75 68 73 Engine 5 | . 18 16 15 20 20 20 16 . . . . 9 . . 17 20 19 20 20 20 17 5 . . . . . . . Core 2 | . . . . . . . . . . . . . . . . . . . . . . 4 12 12 9 8 8 1 . Reactor 2 | . . . . . . . . . . . . . . . . . . . . . . . . . . . . 9 6 Treads 9 | . . . 19 . . 15 8 . . . . 20 . . . . . . . . . 2 25 25 18 . . 8 9 Leg 3 | . . . 10 40 40 23 . . . . . . . . . . . . . . . . . . . . . 2 . Wheel 4 | . 36 34 1 . . . 15 20 9 . . . . . 35 40 22 . . . . 11 . . . . . . . Hover 4 | . . . . . . . . . . . . . . . . . 15 40 40 40 32 . . . 3 25 25 3 1 Device 17 | . 15 27 16 20 20 11 . . . . . 20 . . 17 20 10 . . . . 2 25 25 21 15 8 13 29 Storage 3 | . 18 3 9 . . . 7 20 20 20 20 2 . . . . . . . . . 5 . . . . . 3 1 Processor 3 | . . . 9 . . . . . . . . . . . 17 20 10 . . . . . . . 1 16 16 4 9 Hackware 1 | . . . . . . . . . . . . . . . . . 7 20 20 20 20 . . . . . . . . Protection 4 | . . . . . . 6 . . . . . 9 . . . . . . . . . 1 12 12 10 8 8 5 4 Energy Gun 4 | . . . 5 20 20 11 . . . . . 9 . . . . . . . . . 1 12 12 9 . . 4 3 Ballistic Gun 2 | . . . . . . . . . . . . 9 . . . . . . . . . 5 12 12 9 . . . . Ballistic Cannon 1 | . . . . . . . . . . . . . . . . . . . . . . . . . . . . 4 3 Special Melee Weapon 1 | . . . . . . . . . . . . . . . . . 7 20 20 20 16 . . . . . . . . Peak Build Rating 159 | 5 5 8 8 5 5 6 4 2 2 1 1 23 . . 17 17 17 7 7 8 8 36 36 36 105 105 95 159 159 Average Rating 56 | 3 4 7 5 5 5 5 3 2 1 1 1 18 . . 16 17 11 7 7 7 7 4 36 36 40 104 95 121 137 On Entrance 22 | . 5 4 8 5 5 5 4 2 2 1 1 1 . . . 17 17 7 7 7 8 . 36 36 36 105 95 95 159 Naked Turns 543 | . 7 . 43 . . 3 29 . . . . 40 2 41 3 . 9 . . . 8 77 . . 92 . . 169 20 Heaviest Build 130 | 9 9 6 15 7 7 15 12 1 1 1 1 23 . . 6 6 6 4 4 4 4 33 33 33 51 51 48 130 130 Greatest Support 280 | 32 32 20 46 20 20 40 20 10 10 3 3 40 3 3 20 20 20 12 12 12 12 46 46 46 52 52 52 280 280 Greatest Overweight (x) 2 | . . . . . . . . . . . . . . . . . . . . . 1 1 . . 2 . . . 1 Average Overweight (x) . | . . . . . . . . . . . . . . . . . . . . . . . . . . . . . . Largest Inventory Capacity 12 | 4 4 1 6 1 1 1 1 1 1 1 1 1 . . 12 12 12 1 1 1 1 1 1 1 1 1 1 1 5 Average Capacity 1 | 2 3 . 3 1 1 . . 1 1 1 1 . . . 11 12 6 1 1 1 . . 1 1 . 1 1 . 1 Most Carried 12 | . 1 . 6 . . . . . . . . . . . 12 12 12 . . 1 1 . . . 1 . . . . Average Carried . | . . . 2 . . . . . . . . . . . 11 12 5 . . . . . . . . . . . . Final Capacity 12 | 4 1 . 1 1 1 1 1 1 1 1 1 . . . 12 12 1 1 1 1 . 1 1 1 1 1 1 1 . Final Carried 12 | . . . . . . . . . . . . . . . 12 12 . . . 1 . . . . . . . . . Class Distribution -------------------- 22% | Sentry 14% | Heavy 14% | Worker 10% | MAIN.C 7% | Operator 6% | Grunt 5% | Demolisher 4% | Cogmind 3% | Tunneler Dominant Class ---------------- Recycler | -10/Materials Tunneler | -10/Mines Hauler | -9/Materials Grunt | -9/Mines Grunt | -9/Exiles Grunt | -8/Mines Worker | -8/Materials Worker | -7/Factory Worker | -7/Lower Caves Worker | -7/Lower Caves Worker | -7/Data Miner Sentry | -6/Proximity Caves Cogmind | -6/Factory Cogmind | -6/DSF Mechanic | -5/Factory Mechanic | -5/Waste Mechanic | -5/Factory Operator | -5/Upper Caves Operator | -5/Upper Caves Operator | -5/Zhirov Operator | -4/Proximity Caves Worker | -4/Factory Sentry | -4/Upper Caves Sentry | -4/Upper Caves Sentry | -4/Warlord Demolisher | -3/Proximity Caves Demolisher | -3/Research MAIN.C | -2/Research Heavy | -1/Access Resources | -11 -10 -10 -9 -9 -9 -8 -8 -7 -7 -7 -7 -6 -6 -6 -5 -5 -5 -5 -5 -5 -4 -4 -4 -4 -4 -3 -3 -2 -1 ----------- Run | Yrd Mat Min Mat Min Exi Min Mat Fac Low Low Dat Pro Fac DSF Fac Was Fac Upp Upp Zhi Pro Fac Upp Upp War Pro Res Res Acc Matter Collected 2652 | . . . . . . . 50 . . . . 48 . . . . . . . . . 54 . 35 357 76 288 864 880 Remotely . | . . . . . . . . . . . . . . . . . . . . . . . . . . . . . . Salvage Created 3389 | . . . . . . 410 . . . . . 187 . . . . . . . . . 194 . 162 350 137 247 399 1303 Parts 175 | . . . 2 . . 14 . . . . . 9 . . . . . . . . . 28 . 4 18 15 7 21 57 Haulers Intercepted . | . . . . . . . . . . . . . . . . . . . . . . . . . . . . . . Recyclers Shooed 1 | . . . . . . . . . . . . . . . . . . . . . . 1 . . . . . . . Parts Field Recycled . | . . . . . . . . . . . . . . . . . . . . . . . . . . . . . . Retrieved Matter . | . . . . . . . . . . . . . . . . . . . . . . . . . . . . . . Parts Self-Destructed 18 | . . . . . . . . . . 1 . 9 . . . . . . . . 3 . . . . 5 . . . Prevented . | . . . . . . . . . . . . . . . . . . . . . . . . . . . . . . Kills | -11 -10 -10 -9 -9 -9 -8 -8 -7 -7 -7 -7 -6 -6 -6 -5 -5 -5 -5 -5 -5 -4 -4 -4 -4 -4 -3 -3 -2 -1 ------- Run | Yrd Mat Min Mat Min Exi Min Mat Fac Low Low Dat Pro Fac DSF Fac Was Fac Upp Upp Zhi Pro Fac Upp Upp War Pro Res Res Acc Combat Hostiles Destroyed 88 | . . . 1 . . 6 . . . . . 6 . . . . . . . . . 10 . . 17 6 1 11 30 Melee 4 | . . . . . . 4 . . . . . . . . . . . . . . . . . . . . . . . Guns 23 | . . . 1 . . . . . . . . 6 . . . . . . . . . 3 . . 6 . . 1 6 Cannons 20 | . . . . . . . . . . . . . . . . . . . . . . . . . . . . 4 16 AOE 38 | . . . . . . . . . . . . . . . . . . . . . . 7 . . 11 6 1 5 8 Classes Destroyed 22 | . . . 1 . . 5 . . . . . 1 . . . . . . . . . 1 . 1 7 . . 3 3 Worker 6 | . . . . . . 2 . . . . . . . . . . . . . . . 1 . . . . 1 2 . Builder 6 | . . . . . . . . . . . . . . . . . . . . . . 2 . . . . 1 1 2 Tunneler 1 | . . . . . . . . . . . . . . . . . . . . . . . . . . . . 1 . Recycler 3 | . . . . . . 1 . . . . . . . . . . . . . . . . . . . . 2 . . Operator 1 | . . . . . . . . . . . . . . . . . . . . . . . . . . . . . 1 Drone 1 | . . . . . . . . . . . . 1 . . . . . . . . . . . . . . . . . Watcher 2 | . . . . . . . . . . . . . . . . . . . . . . . . . . . . 1 1 Swarmer 20 | . . . . . . 2 . . . . . 4 . . . . . . . . . 7 . . . 4 . . 3 Saboteur 1 | . . . . . . . . . . . . . . . . . . . . . . . . . 1 . . . . Grunt 33 | . . . . . . 3 . . . . . . . . . . . . . . . 3 . . 10 2 . 6 9 Brawler 1 | . . . . . . . . . . . . . . . . . . . . . . . . . 1 . . . . Protector 1 | . . . . . . . . . . . . . . . . . . . . . . . . . 1 . . . . Sentry 3 | . . . 1 . . . . . . . . . . . . . . . . . . . . . . . . 1 1 Demolisher 2 | . . . . . . . . . . . . . . . . . . . . . . . . . . . . 2 . Hunter 6 | . . . . . . 1 . . . . . 1 . . . . . . . . . . . . . . 1 1 2 Programmer 14 | . . . . . . . . . . . . . . . . . . . . . . . . . 2 . . . 12 Heavy 1 | . . . . . . . . . . . . . . . . . . . . . . . . . . . . . 1 Behemoth 1 | . . . . . . . . . . . . . . . . . . . . . . . . . . . . . 1 Striker 2 | . . . . . . . . . . . . . . . . . . . . . . . . . 1 . . 1 . Executioner 1 | . . . . . . . . . . . . . . . . . . . . . . . . . 1 . . . . Decomposer 1 | . . . . . . . . . . . . 1 . . . . . . . . . . . . . . . . . Samaritan 1 | . . . . . . . . . . . . . . . . . . . . . . . . 1 . . . . . Surgeon 1 | . . . . . . . . . . . . . . . . . . . . . . . . . 1 . . . . Wasp 1 | . . . . . . . . . . . . . . . . . . . . . . . . . . . . 1 . Marauder 1 | . . . . . . . . . . . . . . . . . . . . . . . . . . . . . 1 Best Kill Streak 11 | . . . 1 . . 2 . . . . . 4 . . . . . . . . . 11 . . 6 4 5 6 7 Combat Bots Only 8 | . . . 1 . . 2 . . . . . 4 . . . . . . . . . 8 . . 6 4 1 6 7 Max Kills in Single Turn 3 | . . . 1 . . 1 . . . . . 1 . . . . . . . . . 3 . 1 2 3 3 3 3 Gunslinging . | . . . . . . . . . . . . . . . . . . . . . . . . . . . . . . Exploded 3 | . . . . . . . . . . . . . . . . . . . . . . 3 . . 2 3 1 3 3 Melee 1 | . . . . . . 1 . . . . . . . . . . . . . . . . . . . . . . . Uniques/NPCs Destroyed . | . . . . . . . . . . . . . . . . . . . . . . . . . . . . . . Combat | -11 -10 -10 -9 -9 -9 -8 -8 -7 -7 -7 -7 -6 -6 -6 -5 -5 -5 -5 -5 -5 -4 -4 -4 -4 -4 -3 -3 -2 -1 -------- Run | Yrd Mat Min Mat Min Exi Min Mat Fac Low Low Dat Pro Fac DSF Fac Was Fac Upp Upp Zhi Pro Fac Upp Upp War Pro Res Res Acc Hostile Shots Fired 1155 | . 4 . 37 . . 59 16 15 27 . . 71 . 1 . 1 . . . . 51 157 . . 45 12 16 103 540 Missed 382 | . 1 . 15 . . 7 3 4 20 . . 12 . . . 1 . . . . 23 71 . . 17 4 10 33 161 Hits 773 | . 3 . 22 . . 52 13 11 7 . . 59 . 1 . . . . . . 28 86 . . 28 8 6 70 379 Melee 7 | . . . . . . . 1 . . . . . . . . . . . . . . 1 . . 1 . . . 4 Projectile 766 | . 3 . 22 . . 52 12 11 7 . . 59 . 1 . . . . . . 28 85 . . 27 8 6 70 375 AOE 6 | . . . . . . . . . . . . . . . . . . . . . . . . . . . . 5 1 Critical Strikes 35 | . . . 1 . . . 1 . . . . 1 . 1 . . . . . . 1 3 . . 2 . . 2 23 Actively Blocked 3 | . . . . . . . . . . . . . . . . . . . . . . . . . . . . . 3 Part Disruptions 4 | . . . . . . . . . . . . . . . . . . . . . . . . . 1 . . . 3 Damage Taken 14543 | . 36 . 259 . . 571 216 74 56 . . 1051 . 41 . . . . . . 692 1474 . . 470 160 110 2035 7298 Core 4181 | . 23 . 107 . . 134 109 46 51 . . 277 . 41 . . . . . . 516 1003 . . 90 . . 163 1621 Absorbed by Shields 379 | . . . . . . . . . . . . . . . . . . . . . . . . . 379 . . . . Reduced by Siege Mode 226 | . . . . . . . . . . . . . . . . . . . . . . . . . . . . . 226 Redirected to Shielding 30 | . . . . . . . . . . . . . . . . . . . . . . . . . . . . . 30 Ignored by Resistances 3187 | . . . . . . . . . . . . . . . . . . . . . . . . . 65 . . 126 2996 Regen/Repaired (Parts) 175 | . . . . . . . . . . . . . . . . . . . . . . . . . . . . 175 . Core Remaining (%) 69 | 100 . 90 . . . 39 80 . . . . 46 . 95 . . . . . . 48 . . . . 4 100 88 . Volleys Fired 210 | . . 1 12 1 . 4 . . . . . 15 . . . . . . . . . 9 . 13 28 3 2 31 91 Largest 5 | . . 1 1 1 . 1 . . . . . 2 . . . . . . . . . 2 . 2 2 1 1 5 5 Hottest 426 | . . 100 40 40 . 40 . . . . . 108 . . . . . . . . . 114 . 114 160 160 160 426 307 Shots Fired 470 | . . 1 12 1 . 4 . . . . . 27 . . . . . . . . . 11 1 26 36 3 2 82 264 Gun 251 | . . . 12 1 . 4 . . . . . 27 . . . . . . . . . 11 1 26 22 . . 18 129 Cannon 157 | . . . . . . . . . . . . . . . . . . . . . . . . . . . . 49 108 Launcher 55 | . . . . . . . . . . . . . . . . . . . . . . . . . 14 3 2 9 27 Special 7 | . . 1 . . . . . . . . . . . . . . . . . . . . . . . . . 6 . Kinetic 191 | . . . . . . . . . . . . 12 . . . . . . . . . 9 . 13 14 . . 21 122 Thermal 220 | . . 1 12 1 . 4 . . . . . 15 . . . . . . . . . 2 1 13 8 . . 52 111 Explosive 55 | . . . . . . . . . . . . . . . . . . . . . . . . . 14 3 2 9 27 Electromagnetic 4 | . . . . . . . . . . . . . . . . . . . . . . . . . . . . . 4 Robot Hit Streak 26 | . . . 6 . . 1 . . . . . 5 . . . . . . . . . 4 . 5 10 10 13 26 15 Robot Miss Streak 10 | . . . 4 . . 3 . . . . . 10 . . . . . . . . . 2 . 2 2 . . 4 8 Penetration Max 2 | . . . . . . . . . . . . . . . . . . . . . . 1 . . 1 . . . 2 Secondary Targets 2 | . . . . . . . . . . . . 2 . . . . . . . . . . . . . . . . . Max Gunslinging Chain 1 | . . . . . . . . . . . . 1 . . . . . . . . . . . . . . . . . Shots Hit Robots 301 | . . . 7 . . 18 . . . . . 22 . . . . 1 . 4 . 2 7 . 14 18 3 1 38 166 Core Hits 236 | . . . 2 . . 6 . . . . . 22 . . . . . . . . . 14 . 5 48 8 10 41 80 Critical Kills 12 | . . . . . . 1 . . . . . . . . . . . . . . . . . . . . . 2 9 Critical Parts Destroyed 18 | . . . . . . 2 . . . . . . . . . . . . . . . . . . . . . 2 14 Critical Strikes 50 | . . . . . . 3 . . . . . . . . . . . . . . . . . . . . . 5 42 Burn 11 | . . . . . . . . . . . . . . . . . . . . . . . . . . . . 1 10 Destroy 31 | . . . . . . . . . . . . . . . . . . . . . . . . . . . . 4 27 Blast 4 | . . . . . . . . . . . . . . . . . . . . . . . . . . . . . 4 Corrupt 1 | . . . . . . . . . . . . . . . . . . . . . . . . . . . . . 1 Smash 3 | . . . . . . 3 . . . . . . . . . . . . . . . . . . . . . . . Melee Attacks 32 | . . . . . . 25 . . . . . . . . . . 1 . 4 . 2 . . . . . . . . Impact 25 | . . . . . . 25 . . . . . . . . . . . . . . . . . . . . . . . Slashing . | . . . . . . . . . . . . . . . . . . . . . . . . . . . . . . Piercing . | . . . . . . . . . . . . . . . . . . . . . . . . . . . . . . Sneak Attacks 10 | . . . . . . 3 . . . . . . . . . . 1 . 4 . 2 . . . . . . . . Combat Hostiles . | . . . . . . . . . . . . . . . . . . . . . . . . . . . . . . Follow-up Attacks . | . . . . . . . . . . . . . . . . . . . . . . . . . . . . . . Damage Inflicted 18942 | . 1 . 78 . . 530 . . . . . 403 . . . . . . . . . 1437 . 348 3445 909 807 3111 7873 Guns 4031 | . . . 78 . . 11 . . . . . 376 . . . . . . . . . 176 . 348 435 . . 280 2327 Cannons 3594 | . . . . . . . . . . . . . . . . . . . . . . . . . . . . 987 2607 Explosions 10678 | . . . . . . . . . . . . . . . . . . . . . . 1233 . . 3010 909 807 1792 2927 Melee 508 | . . . . . . 508 . . . . . . . . . . . . . . . . . . . . . . . Ramming 79 | . 1 . . . . 11 . . . . . 27 . . . . . . . . . 28 . . . . . . 12 Kinetic 3805 | . . . . . . . . . . . . 133 . . . . . . . . . 150 . 179 362 . . 196 2785 Thermal 4183 | . . . 78 . . 11 . . . . . 243 . . . . . . . . . 355 . 169 73 . . 1123 2131 Explosive 10349 | . . . . . . . . . . . . . . . . . . . . . . 904 . . 3010 909 807 1792 2927 Electromagnetic 18 | . . . . . . . . . . . . . . . . . . . . . . . . . . . . . 18 Impact 508 | . . . . . . 508 . . . . . . . . . . . . . . . . . . . . . . . Slashing . | . . . . . . . . . . . . . . . . . . . . . . . . . . . . . . Piercing . | . . . . . . . . . . . . . . . . . . . . . . . . . . . . . . Highest Corruption 8 | . . . . . . . . . . . . . . . . 5 5 5 5 5 5 1 1 1 1 . . . 8 Average Corruption 3 | . . . . . . . . . . . . . . . . 5 5 5 5 5 5 1 1 1 1 . . . 4 Corruption Purged . | . . . . . . . . . . . . . . . . . . . . . . . . . . . . . . Corruption Blocked . | . . . . . . . . . . . . . . . . . . . . . . . . . . . . . . Effects 39 | . . . . . . . . . . . . . . . . . 5 2 4 1 8 1 5 4 1 . . . 8 Message Errors 12 | . . . . . . . . . . . . . . . . . 2 . 2 . 3 . 2 2 . . . . 1 Matter Fused 3 | . . . . . . . . . . . . . . . . . . . . . . 1 1 . . . . . 1 Heat Flow Errors 8 | . . . . . . . . . . . . . . . . . 2 . . . 2 . . 1 1 . . . 2 Energy Discharges 7 | . . . . . . . . . . . . . . . . . . 1 1 1 1 . . 1 . . . . 2 Parts Fused 2 | . . . . . . . . . . . . . . . . . . . . . 1 . . . . . . . 1 Data Loss (minor) 4 | . . . . . . . . . . . . . . . . . 1 1 . . 1 . 1 . . . . . . Misfires 1 | . . . . . . . . . . . . . . . . . . . . . . . 1 . . . . . . Alerts 1 | . . . . . . . . . . . . . . . . . . . 1 . . . . . . . . . . Weapon Failures 1 | . . . . . . . . . . . . . . . . . . . . . . . . . . . . . 1 Overload Shots . | . . . . . . . . . . . . . . . . . . . . . . . . . . . . . . Overflow Damage 567 | . . . . . . 94 . . . . . . . . . . . . . . . 4 . . 97 30 58 29 255 Projectiles 231 | . . . . . . . . . . . . . . . . . . . . . . . . . . . . 29 202 Explosions 242 | . . . . . . . . . . . . . . . . . . . . . . 4 . . 97 30 58 . 53 Melee 94 | . . . . . . 94 . . . . . . . . . . . . . . . . . . . . . . . Knockbacks 11 | . . . . . . . . . . . . . . . . . . . . . . . . . . . . 1 10 Impact . | . . . . . . . . . . . . . . . . . . . . . . . . . . . . . . Kinetic 11 | . . . . . . . . . . . . . . . . . . . . . . . . . . . . 1 10 Secondary . | . . . . . . . . . . . . . . . . . . . . . . . . . . . . . . Self-Inflicted Damage 33 | . . . . . . . . . . . . . . . . . . . . . . 28 . . . . . . 5 Shots 1 | . . . . . . . . . . . . . . . . . . . . . . 1 . . . . . . . Rammed 19 | . 1 . . . . . . . . . . 7 . . . . . . . . . 6 . . . 1 . . 4 Targets Rammed 22 | . 1 . . . . 2 . . . . . 8 . . . . . . . . . 6 . . . 1 . . 4 Kicked 2 | . . . . . . 2 . . . . . . . . . . . . . . . . . . . . . . . Crushed 1 | . . . . . . . . . . . . 1 . . . . . . . . . . . . . . . . . Highest Temperature 362 | . . 80 54 . . 96 13 . . . . 84 . . . . 274 . . . 362 72 40 179 68 . . 7 179 Average Temperature 74 | . . 42 35 . . 47 7 . . . . 15 . . . . 128 . . . 146 24 20 40 24 . . 7 39 Received Heat Transfer 1945 | . 21 . 96 . . 174 90 12 18 . . 60 . . . . . . . . 405 217 . . 30 27 . 165 630 Effects 2 | . . . . . . . . . . . . . . . . . . . . . 2 . . . . . . . . Energy Bleed 1 | . . . . . . . . . . . . . . . . . . . . . 1 . . . . . . . . Interference 1 | . . . . . . . . . . . . . . . . . . . . . 1 . . . . . . . . Siege Activations 6 | . . . . . . . . . . . . . . . . . . . . . . . . . . . . . 6 Total Turns 507 | . . . . . . . . . . . . . . . . . . . . . . . . . . . . . 507 Longest Duration 374 | . . . . . . . . . . . . . . . . . . . . . . . . . . . . . 374 Martial Activations . | . . . . . . . . . . . . . . . . . . . . . . . . . . . . . . Shielding Activations . | . . . . . . . . . . . . . . . . . . . . . . . . . . . . . . Robots Disrupted . | . . . . . . . . . . . . . . . . . . . . . . . . . . . . . . Combat Hostiles . | . . . . . . . . . . . . . . . . . . . . . . . . . . . . . . Robots Corrupted 4 | . . . . . . 4 . . . . . . . . . . . . . . . . . . . . . . . Combat Hostiles 2 | . . . . . . 2 . . . . . . . . . . . . . . . . . . . . . . . Parts Fried 4 | . . . . . . 4 . . . . . . . . . . . . . . . . . . . . . . . Impact Corruptions 6 | . . . . . . 6 . . . . . . . . . . . . . . . . . . . . . . . Robots Melted 1 | . . . . . . . . . . . . . . . . . . . . . . . . . . . . 1 . Combat Hostiles 1 | . . . . . . . . . . . . . . . . . . . . . . . . . . . . 1 . Parts Melted 10 | . . . 1 . . . . . . . . . . . . . . . . . . . . . 1 . . 2 6 Heat Transferred 6292 | . . . 175 . . 25 . . . . . 550 . . . . . . . . . 237 . 259 75 . . 1467 3504 Parts Sabotaged 4 | . . . . . . . . . . . . . . . . . . . . . . . . . 2 . . . 2 Parts Stolen . | . . . . . . . . . . . . . . . . . . . . . . . . . . . . . . Parts Stripped . | . . . . . . . . . . . . . . . . . . . . . . . . . . . . . . Power Chain Reactions . | . . . . . . . . . . . . . . . . . . . . . . . . . . . . . . Alert | -11 -10 -10 -9 -9 -9 -8 -8 -7 -7 -7 -7 -6 -6 -6 -5 -5 -5 -5 -5 -5 -4 -4 -4 -4 -4 -3 -3 -2 -1 ------- Run | Yrd Mat Min Mat Min Exi Min Mat Fac Low Low Dat Pro Fac DSF Fac Was Fac Upp Upp Zhi Pro Fac Upp Upp War Pro Res Res Acc Maximum Alert Level 3 | . . . . . . . . . . . . . 2 1 . . . . . . . 3 . . . . . 1 3 Low Security (%) 48 | 100 100 100 100 100 . 100 100 100 . . . . . . 100 100 100 . . . . 83 . . . . 100 16 9 Level 1 14 | . . . . . . . . . . . . . . 100 . . . . . . . 4 . . . . . 83 1 Level 2 16 | . . . . . . . . . . . . . 100 . . . . . . . . 1 . . . . . . 40 Level 3 20 | . . . . . . . . . . . . . . . . . . . . . . 10 . . . . . . 48 Level 4 . | . . . . . . . . . . . . . . . . . . . . . . . . . . . . . . Level 5 . | . . . . . . . . . . . . . . . . . . . . . . . . . . . . . . High Security . | . . . . . . . . . . . . . . . . . . . . . . . . . . . . . . Max Security . | . . . . . . . . . . . . . . . . . . . . . . . . . . . . . . Peak Influence 943 | . 13 4 35 5 . 65 18 16 . . . . 450 330 172 49 13 . . . . 752 . . . . 120 385 943 Initial 450 | . . 4 . 5 . . 18 . . . . . 450 315 172 49 13 . . . . 4 . . . . 47 61 133 Average 327 | . 1 . 7 . . 22 3 . . . . . 450 320 156 34 1 . . . . 124 . . . . 31 286 659 Influence Increases 5277 | . 13 . 145 . . 200 . 16 15 . . 115 450 15 . . . . . . 120 822 . 10 504 130 120 748 1854 Destroy 0b10 Robot/C 1840 | . . . 80 . . 120 . . . . . 100 . . . . . . . . . 200 . . 380 120 20 220 600 Destroy 0b10 Robot/NC 120 | . . . . . . 15 . . . . . 5 . . . . . . . . . 15 . 10 10 . 20 25 20 Destroy Leader 294 | . . . 20 . . 20 . . . . . 10 . . . . . . . . . 30 . . . 10 . 62 142 Allied During Kill 46 | . . . 7 . . . . . . . . . . . . . . . . . . . . . 39 . . . . Successful Hack 56 | . 13 . 8 . . . . 16 . . . . . . . . . . . . . 19 . . . . . . . Disable Machine 105 | . . . . . . . . . . . . . . . . . . . . . . 75 . . . . . . 30 Anti-Garrison Action 150 | . . . . . . . . . . . . . . . . . . . . . . 150 . . . . . . . Destroy Structure 1016 | . . . . . . . . . . . . . . . . . . . . . . 138 . . . . 80 336 462 Advance Influence 450 | . . . . . . . . . . . . . 450 . . . . . . . . . . . . . . . . Partial Spotted 120 | . . . 30 . . . . . . . . . . . . . . . . . . 15 . . . . . 15 60 Lose Combat Pursuer 780 | . . . . . . 45 . . 15 . . . . 15 . . . . . . 120 180 . . 75 . . 90 240 Active Sensor Use 300 | . . . . . . . . . . . . . . . . . . . . . . . . . . . . . 300 Influence Decreases 4406 | . . 13 130 15 . 153 47 16 15 . . 115 . 135 189 122 19 . . . 113 87 489 263 175 389 80 635 1206 Entered New Map 1257 | . . 9 . 10 . . 29 . . . . . . 135 158 92 6 . . . . 3 275 49 . 329 23 49 90 Time Decay 2368 | . . 4 90 5 . 133 18 16 15 . . 72 . . 30 30 13 . . . 113 54 214 214 106 50 57 440 694 Lost Part 433 | . . . . . . 20 . . . . . 43 . . . . . . . . . 30 . . . 10 . 20 310 Lost Ally 140 | . . . 40 . . . . . . . . . . . . . . . . . . . . . 60 . . . 40 Miscellaneous 208 | . . . . . . . . . . . . . . . 1 . . . . . . . . . 9 . . 126 72 Squads Dispatched 40 | . . . 3 . . . 2 1 . . . . . . . . 1 . . . . 7 . 1 . . 1 3 21 Investigation 10 | . . . 1 . . . 1 1 . . . . . . . . . . . . . 1 . 1 . . 1 1 3 Extermination 7 | . . . . . . . . . . . . . . . . . 1 . . . . . . . . . . . 6 Reinforcement 14 | . . . 2 . . . 1 . . . . . . . . . . . . . . 4 . . . . . 2 5 Assault 6 | . . . . . . . . . . . . . . . . . . . . . . 2 . . . . . . 4 Garrison 3 | . . . . . . . . . . . . . . . . . . . . . . . . . . . . . 3 Intercept . | . . . . . . . . . . . . . . . . . . . . . . . . . . . . . . Searches Triggered . | . . . . . . . . . . . . . . . . . . . . . . . . . . . . . . Data Miner Redirects 1 | . . . . . . . . . . . . . . . . . . . . . . . . . . . . . 1 Construction Impeded 1 | . . . . . . . . . . . . . . . . . . . . . . 1 . . . . . . . Haulers Reinforced 1 | . . . . . . . . . . . . . . . . . . . . . . . . . . . . . 1 Active Scanning Responses 3 | . . . . . . . . . . . . . . . . . . . . . . . . . . . . . 3 Cargo Convoy Interrupts . | . . . . . . . . . . . . . . . . . . . . . . . . . . . . . . Stealth | -11 -10 -10 -9 -9 -9 -8 -8 -7 -7 -7 -7 -6 -6 -6 -5 -5 -5 -5 -5 -5 -4 -4 -4 -4 -4 -3 -3 -2 -1 --------- Run | Yrd Mat Min Mat Min Exi Min Mat Fac Low Low Dat Pro Fac DSF Fac Was Fac Upp Upp Zhi Pro Fac Upp Upp War Pro Res Res Acc Distress Signals 17 | . 1 . 1 . . . 1 . . . . 1 . . . . . . . . . 3 . . 3 . . 6 1 Communications Jammed 9 | . . . . . . . . . . . . . . . . . . . . . . . . . . . . . 9 Distress Signals 9 | . . . . . . . . . . . . . . . . . . . . . . . . . . . . . 9 Times Spotted 329 | . 7 . 13 . . 13 10 1 2 . . 9 . 1 . 6 . . . . 9 44 . . 33 5 3 45 128 Peak Tracking Total 15 | . 5 . 6 . . 4 5 1 1 . . 3 . 1 . 6 . . . . 7 15 . . 9 4 2 10 14 Tactical Retreats 25 | . . . . . . 2 . . 1 . . . . 1 . 1 . . . . 5 4 . . 2 . . 3 6 Traps | -11 -10 -10 -9 -9 -9 -8 -8 -7 -7 -7 -7 -6 -6 -6 -5 -5 -5 -5 -5 -5 -4 -4 -4 -4 -4 -3 -3 -2 -1 ------- Run | Yrd Mat Min Mat Min Exi Min Mat Fac Low Low Dat Pro Fac DSF Fac Was Fac Upp Upp Zhi Pro Fac Upp Upp War Pro Res Res Acc Traps Triggered 5 | . . . . . . . . . . . . . . . 1 . . . . . . . . . . . . . 4 Indirectly . | . . . . . . . . . . . . . . . . . . . . . . . . . . . . . . Trap Hack Attempts . | . . . . . . . . . . . . . . . . . . . . . . . . . . . . . . Triggered . | . . . . . . . . . . . . . . . . . . . . . . . . . . . . . . Disarmed . | . . . . . . . . . . . . . . . . . . . . . . . . . . . . . . Reprogrammed . | . . . . . . . . . . . . . . . . . . . . . . . . . . . . . . Reused . | . . . . . . . . . . . . . . . . . . . . . . . . . . . . . . Traps Extracted . | . . . . . . . . . . . . . . . . . . . . . . . . . . . . . . Installed . | . . . . . . . . . . . . . . . . . . . . . . . . . . . . . . Triggered . | . . . . . . . . . . . . . . . . . . . . . . . . . . . . . . Objects Rigged 4 | . . . . . . . . . . . . . . . . . . . . . . 4 . . . . . . . Exploded 3 | . . . . . . . . . . . . . . . . . . . . . . 3 . . . . . . . Machines | -11 -10 -10 -9 -9 -9 -8 -8 -7 -7 -7 -7 -6 -6 -6 -5 -5 -5 -5 -5 -5 -4 -4 -4 -4 -4 -3 -3 -2 -1 ---------- Run | Yrd Mat Min Mat Min Exi Min Mat Fac Low Low Dat Pro Fac DSF Fac Was Fac Upp Upp Zhi Pro Fac Upp Upp War Pro Res Res Acc Machines Disabled 8 | . . . . . . . . . . . . . . . . . . . . . . 6 . . . . . . 2 Max in Single Turn 2 | . . . . . . . . . . . . . . . . . . . . . . 2 . . . . . . 1 Garrison Access 2 | . . . . . . . . . . . . . . . . . . . . . . 1 . . . . . 1 . Machines Repaired . | . . . . . . . . . . . . . . . . . . . . . . . . . . . . . . Machines Dismantled . | . . . . . . . . . . . . . . . . . . . . . . . . . . . . . . Machines Sabotaged . | . . . . . . . . . . . . . . . . . . . . . . . . . . . . . . Overloaded Fab Kills . | . . . . . . . . . . . . . . . . . . . . . . . . . . . . . . Hacking | -11 -10 -10 -9 -9 -9 -8 -8 -7 -7 -7 -7 -6 -6 -6 -5 -5 -5 -5 -5 -5 -4 -4 -4 -4 -4 -3 -3 -2 -1 --------- Run | Yrd Mat Min Mat Min Exi Min Mat Fac Low Low Dat Pro Fac DSF Fac Was Fac Upp Upp Zhi Pro Fac Upp Upp War Pro Res Res Acc Machines Accessed 34 | . 2 . 2 . . 1 3 5 1 . 3 . 1 . . . 3 . . 4 . 4 . 1 . . 1 2 1 Terminals 19 | . 2 . 2 . . 1 3 2 1 . . . 1 . . . 2 . . . . 3 . 1 . . . 1 . Fabricators 3 | . . . . . . . . 1 . . . . . . . . . . . . . . . . . . 1 1 . Repair Stations . | . . . . . . . . . . . . . . . . . . . . . . . . . . . . . . Recycling Units 4 | . . . . . . . . 2 . . . . . . . . 1 . . . . 1 . . . . . . . Scanalyzers . | . . . . . . . . . . . . . . . . . . . . . . . . . . . . . . Garrison Access 1 | . . . . . . . . . . . . . . . . . . . . . . . . . . . . . 1 Total Hacks 101 | . 5 . 8 . . 3 5 8 1 . 24 . 1 . . . 6 . . 17 . 11 . 3 . . 3 4 2 Successful 58 | . 2 . 2 . . 1 . 2 1 . 24 . 1 . . . 1 . . 17 . 3 . 3 . . 1 . . Failed 43 | . 3 . 6 . . 2 5 6 . . . . . . . . 5 . . . . 8 . . . . 2 4 2 Catastrophic 15 | . 1 . 1 . . 1 3 3 . . . . . . . . 1 . . . . 2 . . . . 2 1 . Database Lockouts . | . . . . . . . . . . . . . . . . . . . . . . . . . . . . . . Manual 37 | . 4 . 8 . . 1 5 2 . . . . . . . . 4 . . . . 10 . . . . 1 2 . Terminals 44 | . 5 . 8 . . 3 5 3 1 . . . 1 . . . 4 . . . . 9 . 3 . . . 2 . Fabricators 6 | . . . . . . . . 1 . . . . . . . . . . . . . . . . . . 3 2 . Repair Stations . | . . . . . . . . . . . . . . . . . . . . . . . . . . . . . . Recycling Units 8 | . . . . . . . . 4 . . . . . . . . 2 . . . . 2 . . . . . . . Scanalyzers . | . . . . . . . . . . . . . . . . . . . . . . . . . . . . . . Garrison Access 2 | . . . . . . . . . . . . . . . . . . . . . . . . . . . . . 2 Terminal Hacks 52 | . 2 . 1 . . 1 . 1 1 . 24 . 1 . . . . . . 17 . 1 . 3 . . . . . Record 15 | . . . . . . . . . 1 . 6 . . . . . . . . 5 . . . 3 . . . . . Part Schematic 12 | . . . . . . . . . . . 8 . . . . . . . . 4 . . . . . . . . . Robot Schematic 7 | . . . . . . . . . . . 7 . . . . . . . . . . . . . . . . . . Robot Analysis 4 | . . . . . . . . . . . . . . . . . . . . 4 . . . . . . . . . Prototype ID Bank 7 | . . . . . . . . . . . 3 . . . . . . . . 4 . . . . . . . . . Open DSF 1 | . . . . . . . . . . . . . 1 . . . . . . . . . . . . . . . . Level Access Points 1 | . . . . . . 1 . . . . . . . . . . . . . . . . . . . . . . . Branch Access Points 4 | . 1 . 1 . . . . 1 . . . . . . . . . . . . . 1 . . . . . . . Transport Status 1 | . 1 . . . . . . . . . . . . . . . . . . . . . . . . . . . . Fabricator Hacks 2 | . . . . . . . . 1 . . . . . . . . . . . . . . . . . . 1 . . Network Status 2 | . . . . . . . . 1 . . . . . . . . . . . . . . . . . . 1 . . Repair Station Hacks . | . . . . . . . . . . . . . . . . . . . . . . . . . . . . . . Recycling Unit Hacks 1 | . . . . . . . . . . . . . . . . . 1 . . . . . . . . . . . . Retrieve Components 1 | . . . . . . . . . . . . . . . . . 1 . . . . . . . . . . . . Scanalyzer . | . . . . . . . . . . . . . . . . . . . . . . . . . . . . . . Garrison Access Hacks . | . . . . . . . . . . . . . . . . . . . . . . . . . . . . . . Unauthorized Hacks 3 | . . . 1 . . . . . . . . . . . . . . . . . . 2 . . . . . . . Terminals 2 | . . . 1 . . . . . . . . . . . . . . . . . . 1 . . . . . . . Botnet 1 | . . . 1 . . . . . . . . . . . . . . . . . . . . . . . . . . Detonate 1 | . . . . . . . . . . . . . . . . . . . . . . 1 . . . . . . . Fabricators . | . . . . . . . . . . . . . . . . . . . . . . . . . . . . . . Repair Stations . | . . . . . . . . . . . . . . . . . . . . . . . . . . . . . . Recycling Units 1 | . . . . . . . . . . . . . . . . . . . . . . 1 . . . . . . . Recyclers 1 | . . . . . . . . . . . . . . . . . . . . . . 1 . . . . . . . Scanalyzers . | . . . . . . . . . . . . . . . . . . . . . . . . . . . . . . Garrison Access . | . . . . . . . . . . . . . . . . . . . . . . . . . . . . . . Data Cores Recovered . | . . . . . . . . . . . . . . . . . . . . . . . . . . . . . . Used . | . . . . . . . . . . . . . . . . . . . . . . . . . . . . . . Hacking Detections 22 | . 2 . 2 . . 1 3 3 . . . . . . . . 3 . . . . 3 . 1 . . 1 2 1 Full Trace Events 7 | . . . 1 . . . 1 1 . . . . . . . . . . . . . 1 . 1 . . 1 1 . Feedback Events . | . . . . . . . . . . . . . . . . . . . . . . . . . . . . . . Feedback Blocked . | . . . . . . . . . . . . . . . . . . . . . . . . . . . . . . Robot Schematics Acquired 7 | . . . . . . . . . . . 7 . . . . . . . . . . . . . . . . . . Robots Built . | . . . . . . . . . . . . . . . . . . . . . . . . . . . . . . Authchips . | . . . . . . . . . . . . . . . . . . . . . . . . . . . . . . Time . | . . . . . . . . . . . . . . . . . . . . . . . . . . . . . . Total Robot Build Rating . | . . . . . . . . . . . . . . . . . . . . . . . . . . . . . . Part Schematics Acquired 12 | . . . . . . . . . . . 8 . . . . . . . . 4 . . . . . . . . . Parts Built . | . . . . . . . . . . . . . . . . . . . . . . . . . . . . . . Authchips . | . . . . . . . . . . . . . . . . . . . . . . . . . . . . . . Time . | . . . . . . . . . . . . . . . . . . . . . . . . . . . . . . Total Part Build Rating . | . . . . . . . . . . . . . . . . . . . . . . . . . . . . . . Parts Repaired . | . . . . . . . . . . . . . . . . . . . . . . . . . . . . . . Time . | . . . . . . . . . . . . . . . . . . . . . . . . . . . . . . Parts Recycled . | . . . . . . . . . . . . . . . . . . . . . . . . . . . . . . Recycled Matter . | . . . . . . . . . . . . . . . . . . . . . . . . . . . . . . Retrieved Matter . | . . . . . . . . . . . . . . . . . . . . . . . . . . . . . . Retrieved Components . | . . . . . . . . . . . . . . . . . . . . . . . . . . . . . . Parts Scanalyzed . | . . . . . . . . . . . . . . . . . . . . . . . . . . . . . . Part Schematics Acquired . | . . . . . . . . . . . . . . . . . . . . . . . . . . . . . . Parts Damaged . | . . . . . . . . . . . . . . . . . . . . . . . . . . . . . . Bothacking | -11 -10 -10 -9 -9 -9 -8 -8 -7 -7 -7 -7 -6 -6 -6 -5 -5 -5 -5 -5 -5 -4 -4 -4 -4 -4 -3 -3 -2 -1 ------------ Run | Yrd Mat Min Mat Min Exi Min Mat Fac Low Low Dat Pro Fac DSF Fac Was Fac Upp Upp Zhi Pro Fac Upp Upp War Pro Res Res Acc Used RIF Installer . | . . . . . . . . . . . . . . . . . . . . . . . . . . . . . . Robots Hacked 18 | . . . 2 . . 1 . . . . . 1 . . 1 . 1 . 1 . . 3 . . . . . . 8 Non-combat 5 | . . . 1 . . . . . . . . . . . 1 . 1 . 1 . . 1 . . . . . . . Combat 13 | . . . 1 . . 1 . . . . . 1 . . . . . . . . . 2 . . . . . . 8 Robot Hacks Applied 30 | . . . 2 . . 1 . . . . . 1 . . 1 . 1 . 3 . . 5 . . . . . . 16 parse_system 3 | . . . . . . . . . . . . . . . . . . . 3 . . . . . . . . . . map_walls 1 | . . . . . . . . . . . . . . . . . . . . . . 1 . . . . . . . locate_stockpiles 1 | . . . 1 . . . . . . . . . . . . . . . . . . . . . . . . . . find_station 1 | . . . . . . . . . . . . . . . 1 . . . . . . . . . . . . . . find_terminals 1 | . . . . . . . . . . . . . . . . . 1 . . . . . . . . . . . . find_shortcuts 13 | . . . 1 . . 1 . . . . . 1 . . . . . . . . . 2 . . . . . . 8 find_garrison 10 | . . . . . . . . . . . . . . . . . . . . . . 2 . . . . . . 8 Relay Couplers Released 8 | . . . . . . . . . . . . . . . . . . . . . . 2 . . . . . 3 3 Machine Destruction 5 | . . . . . . . . . . . . . . . . . . . . . . 2 . . . . . 3 . Programmers 3 | . . . . . . . . . . . . . . . . . . . . . . . . . . . . . 3 Fabnet Peak Effective % . | . . . . . . . . . . . . . . . . . . . . . . . . . . . . . . Robots Rewired 7 | . . . . . . . . . . . . . . . . . . . . . 2 . . . 5 . . . . Allies Hacked . | . . . . . . . . . . . . . . . . . . . . . . . . . . . . . . Hacks Repelled . | . . . . . . . . . . . . . . . . . . . . . . . . . . . . . . Allies | -11 -10 -10 -9 -9 -9 -8 -8 -7 -7 -7 -7 -6 -6 -6 -5 -5 -5 -5 -5 -5 -4 -4 -4 -4 -4 -3 -3 -2 -1 -------- Run | Yrd Mat Min Mat Min Exi Min Mat Fac Low Low Dat Pro Fac DSF Fac Was Fac Upp Upp Zhi Pro Fac Upp Upp War Pro Res Res Acc Total Allies 12 | . . 3 . . . . . . . . . . . . . . . . . . 2 . . . 5 . . . 2 Largest Group 5 | . . 3 3 . . . . . . . . . . . . . . . . . 2 . . . 5 . . . 2 Highest-Rated Group 290 | . . 40 40 . . . . . . . . . . . . . . . . . 77 . . . 290 . . . 116 Highest-Rated Ally 64 | . . 16 16 . . . . . . . . . . . . . . . . . 47 . . . 64 . . . 58 Total Orders 4 | . . . . . . . . . . . . . . . . . . . . . . . . . 4 . . . . STAY 1 | . . . . . . . . . . . . . . . . . . . . . . . . . 1 . . . . FOLLOW 3 | . . . . . . . . . . . . . . . . . . . . . . . . . 3 . . . . Ally Attacks 37 | . . . 13 . . . . . . . . . . . . . . . . . 9 . . . 15 . . . . Total Damage 1152 | . . . 164 . . . . . . . . . . . . . . . . . 247 . . . 741 . . . . Kills 6 | . . . 3 . . . . . . . . . . . . . . . . . . . . . 3 . . . . Allies Corrupted . | . . . . . . . . . . . . . . . . . . . . . . . . . . . . . . Allies Melted 1 | . . . . . . . . . . . . . . . . . . . . . . . . . . . . 1 . Intel | -11 -10 -10 -9 -9 -9 -8 -8 -7 -7 -7 -7 -6 -6 -6 -5 -5 -5 -5 -5 -5 -4 -4 -4 -4 -4 -3 -3 -2 -1 ------- Run | Yrd Mat Min Mat Min Exi Min Mat Fac Low Low Dat Pro Fac DSF Fac Was Fac Upp Upp Zhi Pro Fac Upp Upp War Pro Res Res Acc Active Infowar (turns) 3915 | . . 383 249 . . . . . . . . . . . 74 74 109 . . . . 5 . . . . . 632 2389 Optics 3021 | . . . . . . . . . . . . . . . . . . . . . . . . . . . . 632 2389 A.S.S. 1741 | . . . . . . . . . . . . . . . . . . . . . . . . . . . . . 1741 Terrain 406 | . . 383 18 . . . . . . . . . . . . . . . . . . 5 . . . . . . . Structural 5 | . . . . . . . . . . . . . . . . . . . . . . 5 . . . . . . . Seismic 401 | . . 383 18 . . . . . . . . . . . . . . . . . . . . . . . . . . T.N.C. 231 | . . . 231 . . . . . . . . . . . . . . . . . . . . . . . . . . Machine Analysis 257 | . . . . . . . . . . . . . . . 74 74 109 . . . . . . . . . . . . Jamming 1741 | . . . . . . . . . . . . . . . . . . . . . . . . . . . . . 1741 Robot Analysis Total 21 | 1 1 1 2 . . 1 . . . . . 1 . . 1 . 1 . . 4 . 3 . . . . . . 5 Derelict Logs Recovered 7 | . . 2 . . . . . . 2 . . 1 . . . . . . 1 . . . . 1 . . . . . Drone Launches . | . . . . . . . . . . . . . . . . . . . . . . . . . . . . . . Drone Recoveries . | . . . . . . . . . . . . . . . . . . . . . . . . . . . . . . Exploration | -11 -10 -10 -9 -9 -9 -8 -8 -7 -7 -7 -7 -6 -6 -6 -5 -5 -5 -5 -5 -5 -4 -4 -4 -4 -4 -3 -3 -2 -1 ------------- Run | Yrd Mat Min Mat Min Exi Min Mat Fac Low Low Dat Pro Fac DSF Fac Was Fac Upp Upp Zhi Pro Fac Upp Upp War Pro Res Res Acc Turns Passed 12211 | 16 115 448 391 101 293 612 149 399 669 279 44 661 2 41 77 74 223 135 198 74 446 222 442 675 1095 225 147 1093 2865 Spaces Moved 10461 | 21 117 466 269 83 245 330 173 499 777 558 87 534 4 81 95 92 314 242 343 131 702 338 277 400 706 338 262 1017 960 Core 2323 | 9 12 . 44 . . 3 56 . 454 558 87 231 4 81 5 . 8 . . . 165 142 . . 82 . . 337 45 Treads 2783 | . . . 139 . . 123 35 . . . . 303 . . . . . . . . . 5 277 400 503 . . 373 625 Legs 700 | . . . 64 83 245 204 . . . . . . . . . . . . . . . . . . . . . 91 13 Wheels 1948 | 12 105 466 22 . . . 82 499 323 . . . . . 90 92 153 . . . . 104 . . . . . . . Hover 2620 | . . . . . . . . . . . . . . . . . 153 242 343 131 537 . . . 121 338 262 216 277 Flight 87 | . . . . . . . . . . . . . . . . . . . . . . 87 . . . . . . . Fastest Speed 32 | 50 50 80 50 120 120 50 50 80 50 50 50 50 50 50 50 80 50 56 56 56 50 32 160 160 50 54 54 50 50 Average Speed 91 | 78 90 80 125 120 120 134 86 80 62 50 50 112 50 50 78 80 67 56 56 56 55 58 160 160 130 54 54 96 126 Slowest Speed 260 | 100 100 80 160 120 120 160 160 80 80 50 50 160 50 50 80 80 80 56 56 56 100 160 160 160 260 54 54 160 170 Overloaded Moves . | . . . . . . . . . . . . . . . . . . . . . . . . . . . . . . Propulsion Burnouts . | . . . . . . . . . . . . . . . . . . . . . . . . . . . . . . Robots Hopped 6 | . . . . . . . . . . . . . . . . . . . . . . 6 . . . . . . . Potential Cave-ins 1 | . . . . . . . . . . . . . . . . . . . . . . . . . . . . 1 . Cave-ins Triggered . | . . . . . . . . . . . . . . . . . . . . . . . . . . . . . . Exploration Rate (%) 45 | 2 32 93 26 16 57 70 26 15 74 80 68 65 . 88 3 63 8 43 57 59 63 15 56 55 63 64 11 33 24 Regions Visited 29 Branch Regions 16 Pre-discovered Areas 6 | . . 1 . . . . . . . . 1 . . . . . . . 1 3 . . . . . . . . . Known Exits Taken 6 | . 1 . 1 . . 1 . 1 . . . . 1 . . . . . . . . 1 . . . . . . . Unknown Exits Taken 20 | 1 . 1 . 1 1 . 1 . 1 1 1 1 . . . . 1 1 1 1 1 . 1 1 1 1 1 1 . Scrap Searched 6 | . . 1 . . . 1 . . 1 . . 1 . . . . . . . . 1 . . . . 1 . . . Spaces Dug 30 | . . . . . . . . . . . . . . . . . . . . . . . . . . . 15 1 14 Terrain Destroyed 644 | . . . . . . . . . . . . . . . . . . . . . . 73 . 3 101 39 40 116 272 Melee . | . . . . . . . . . . . . . . . . . . . . . . . . . . . . . . Projectile 39 | . . . . . . . . . . . . . . . . . . . . . . . . 3 4 . . 11 21 AOE 604 | . . . . . . . . . . . . . . . . . . . . . . 73 . . 97 39 40 105 250 Terrain Rammed . | . . . . . . . . . . . . . . . . . . . . . . . . . . . . . . Walls Destroyed . | . . . . . . . . . . . . . . . . . . . . . . . . . . . . . . Machines Disabled . | . . . . . . . . . . . . . . . . . . . . . . . . . . . . . . Actions | -11 -10 -10 -9 -9 -9 -8 -8 -7 -7 -7 -7 -6 -6 -6 -5 -5 -5 -5 -5 -5 -4 -4 -4 -4 -4 -3 -3 -2 -1 --------- Run | Yrd Mat Min Mat Min Exi Min Mat Fac Low Low Dat Pro Fac DSF Fac Was Fac Upp Upp Zhi Pro Fac Upp Upp War Pro Res Res Acc Total 12653 | 20 126 537 312 83 244 451 172 498 960 557 86 559 3 80 97 92 323 241 346 131 758 347 276 412 831 374 263 1062 2412 Wait 1878 | . 8 59 22 . . 90 . . 184 . . 3 . . 2 1 8 . . . 55 1 . . 62 33 . 15 1335 Move 10421 | 20 116 465 268 82 244 329 172 498 776 557 86 533 3 80 95 91 313 241 342 130 701 325 276 399 705 337 261 1016 960 Hop 6 | . . . . . . . . . . . . . . . . . . . . . . 6 . . . . . . . Pick Up 7 | . 1 . 4 . . . . . . . . . . . . . . . . 1 . . . . 1 . . . . Fast Attach . | . . . . . . . . . . . . . . . . . . . . . . . . . . . . . . Attach . | . . . . . . . . . . . . . . . . . . . . . . . . . . . . . . Detach . | . . . . . . . . . . . . . . . . . . . . . . . . . . . . . . Swap . | . . . . . . . . . . . . . . . . . . . . . . . . . . . . . . Drop 6 | . . . 6 . . . . . . . . . . . . . . . . . . . . . . . . . . Fire 210 | . . 1 12 1 . 4 . . . . . 15 . . . . . . . . . 9 . 13 28 3 2 31 91 Melee 32 | . . . . . . 25 . . . . . . . . . . 1 . 4 . 2 . . . . . . . . Ram 11 | . 1 . . . . . . . . . . . . . . . . . . . . 6 . . . 1 . . 3 Kick 2 | . . . . . . 2 . . . . . . . . . . . . . . . . . . . . . . . Crush 9 | . . . . . . . . . . . . 8 . . . . . . . . . . . . . . . . 1 Escape Stasis . | . . . . . . . . . . . . . . . . . . . . . . . . . . . . . . Rewire 39 | . . . . . . 1 . . . . . . . . . . 1 . . . . . . . 35 . . . 2 Trap . | . . . . . . . . . . . . . . . . . . . . . . . . . . . . . . Miscellaneous 32 | . . 12 . . . . . . . . . . . . . . . . . . . . . . . . . . 20 Route ------- -11/Scrapyard -10/Materials -10/Mines (discovered 3 exits: *Mat x2 / [*Sub]) -9/Materials -9/Mines -9/Exiles -8/Mines (discovered 2 exits: *Mat x2) -8/Materials -7/Factory (discovered 4 exits: Sto x2 / *Low x2) -7/Lower Caves -7/Lower Caves -7/Data Miner -6/Proximity Caves -6/Factory (discovered 2 exits: Low / DSF) -6/DSF -5/Factory -5/Waste -5/Factory -5/Upper Caves -5/Upper Caves -5/Zhirov -4/Proximity Caves -4/Factory (discovered 2 exits: *Upp x2) -4/Upper Caves -4/Upper Caves -4/Warlord -3/Proximity Caves -3/Research -2/Research (discovered 2 exits: *Acc x2) -1/Access History --------- Turn | Location | Event 1 | -11/Scrapyard | Discovered new exit (range 1) 17 | -11/Scrapyard | Entered Materials 120 | -10/Materials | Identified exit to Mines 132 | -10/Materials | Entered Mines 191 | -10/Mines | Discovered new exit (range 13) 192 | -10/Mines | Learned Materials stockpile data 236 | -10/Mines | Learned location of Storage (-7) 289 | -10/Mines | Assisted by bots powering up and referring to "LRC-V3" 301 | -10/Mines | Discovered new exit (range 6) 482 | -10/Mines | Discovered new exit (range 3) 580 | -10/Mines | Entered Materials 580 | -9/Materials | Accompanied by 3 allies 733 | -9/Materials | Identified exit to Mines 790 | -9/Materials | Lost 3 allies 971 | -9/Materials | Entered Mines 1067 | -9/Mines | Deemed a non-threat by the Exiles lab entrance 1067 | -9/Mines | Discovered new exit (range 5) 1072 | -9/Mines | Entered Exiles 1101 | -9/Exiles | Met 8R-AWN 1122 | -9/Exiles | Met EX-HEX 1159 | -9/Exiles | Met EX-BIN 1214 | -9/Exiles | Met EX-DEC 1352 | -9/Exiles | Discovered new exit (range 12) 1365 | -9/Exiles | Entered Mines 1582 | -8/Mines | Identified exit to Materials 1937 | -8/Mines | Core integrity fell below 50% 1977 | -8/Mines | Entered Materials 2117 | -8/Materials | Discovered new exit (range 12) 2126 | -8/Materials | Entered Factory 2375 | -7/Factory | Identified exit to Storage 2375 | -7/Factory | Identified exit to Lower Caves 2525 | -7/Factory | Entered Lower Caves 2557 | -7/Lower Caves | Learned location of 1 exit from Factory 2738 | -7/Lower Caves | Encountered a Warlord checkpoint 2836 | -7/Lower Caves | Attracted the attention of an 0b10 checkpoint 2878 | -7/Lower Caves | Learned 4 Factory zone layouts 3179 | -7/Lower Caves | Discovered new exit (range 12) 3194 | -7/Lower Caves | Entered another Lower Caves area 3194 | -7/Lower Caves | Spotted B-75 Beast 3265 | -7/Lower Caves | Encountered a Warlord checkpoint 3471 | -7/Lower Caves | Discovered new exit (range 5) 3473 | -7/Lower Caves | Entered Data Miner 3473 | -7/Data Miner | Discovered new exit (range 6) 3484 | -7/Data Miner | Met Data Miner 3501 | -7/Data Miner | Learned location of Section 7 (-2) 3501 | -7/Data Miner | Acquired the access code to Warlord's prototype stash 3505 | -7/Data Miner | Received God Mode back door access code from Data Miner 3517 | -7/Data Miner | Entered Proximity Caves 3986 | -6/Proximity Caves | Spotter reported a threat 4006 | -6/Proximity Caves | Spotter reported a threat 4065 | -6/Proximity Caves | Spotter reported a threat 4107 | -6/Proximity Caves | Spotted B-75 Beast 4143 | -6/Proximity Caves | Core integrity fell below 50% 4169 | -6/Proximity Caves | Discovered new exit (range 13) 4170 | -6/Proximity Caves | Lost 8 parts (1p2n3u2w) 4174 | -6/Proximity Caves | Learned Factory terminal intel 4178 | -6/Proximity Caves | Entered Factory 4179 | -6/Factory | Identified exit to Lower Caves 4180 | -6/Factory | Identified exit to DSF 4180 | -6/Factory | Entered DSF 4209 | -6/DSF | Additional patrols routed to DSF 4213 | -6/DSF | Discovered new exit (range 15) 4221 | -6/DSF | Entered Factory 4222 | -5/Factory | Loaded intel: 26 terminal locations 4298 | -5/Factory | Manually triggered Chute Trap 4298 | -5/Factory | Sucked down chute 4298 | -5/Factory | Entered Waste 4305 | -5/Waste | Spotted C-40 Crusher 4313 | -5/Waste | EMP discharged 4326 | -5/Waste | Spotted C-40 Crusher 4329 | -5/Waste | Spotted C-40 Crusher 4332 | -5/Waste | Spotted C-40 Crusher 4347 | -5/Waste | Spotted C-40 Crusher 4354 | -5/Waste | Spotted C-40 Crusher 4362 | -5/Waste | Discovered new exit (range 14) 4372 | -5/Waste | Entered Factory 4579 | -5/Factory | Discovered new exit (range 8) 4595 | -5/Factory | Entered Upper Caves 4729 | -5/Upper Caves | Discovered new exit (range 5) 4730 | -5/Upper Caves | Entered another Upper Caves area 4859 | -5/Upper Caves | Learned location of Armory (-3) 4926 | -5/Upper Caves | Discovered new exit (range 4) 4928 | -5/Upper Caves | Entered Zhirov 4928 | -5/Zhirov | Discovered new exit (range 3) 4939 | -5/Zhirov | Met Zhirov 4959 | -5/Zhirov | Found Alien Artifact 4979 | -5/Zhirov | Learned location of Quarantine (-2) 4979 | -5/Zhirov | Learned location of Testing (-3) 4979 | -5/Zhirov | Learned location of Command (-1) 4985 | -5/Zhirov | Zhirov requested help retrieving the SGEMP Prototype 5002 | -5/Zhirov | Entered Proximity Caves 5107 | -4/Proximity Caves | Spotted B-86 Titan 5430 | -4/Proximity Caves | Lost 4 parts (1p2n1w) 5446 | -4/Proximity Caves | Discovered new exit (range 5) 5448 | -4/Proximity Caves | Attracted the attention of an 0b10 checkpoint 5448 | -4/Proximity Caves | Core integrity fell below 50% 5448 | -4/Proximity Caves | Entered Factory 5591 | -4/Factory | Identified exit to Upper Caves 5601 | -4/Factory | Core integrity fell below 50% 5634 | -4/Factory | Core integrity fell below 20% 5638 | -4/Factory | Lost 7 parts (2p3n1u1w) 5670 | -4/Factory | Entered Upper Caves 5682 | -4/Upper Caves | Destroyed 8 combat bots 6088 | -4/Upper Caves | Discovered new exit (range 12) 6112 | -4/Upper Caves | Entered another Upper Caves area 6368 | -4/Upper Caves | Learned Research emergency access door positions 6752 | -4/Upper Caves | Discovered new exit (range 10) 6787 | -4/Upper Caves | Entered Warlord 6845 | -4/Warlord | System corruption cleaned by Quarantine Array 7056 | -4/Warlord | Met Warlord 7081 | -4/Warlord | Warlord's base attacked by MAIN.C 7123 | -4/Warlord | Found Prototype Special Weapon 7431 | -4/Warlord | Warlord forces counterattacked 7602 | -4/Warlord | Lost 5 allies 7652 | -4/Warlord | Spotted Executioner 7660 | -4/Warlord | Spotted Executioner 7661 | -4/Warlord | Spotted Executioner 7710 | -4/Warlord | Lost 10 allies 7756 | -4/Warlord | Warlord base infiltrated, sounded retreat 7757 | -4/Warlord | Enhanced Grunt warped into view 7757 | -4/Warlord | Enhanced Grunt warped into view 7757 | -4/Warlord | Enhanced Grunt warped into view 7757 | -4/Warlord | Enhanced Demolisher warped into view 7757 | -4/Warlord | Enhanced Demolisher warped into view 7757 | -4/Warlord | Enhanced Demolisher warped into view 7818 | -4/Warlord | Lost 4 allies 7843 | -4/Warlord | Spotted Executioner 7850 | -4/Warlord | Destroyed Executioner 7865 | -4/Warlord | Spotted Striker 7866 | -4/Warlord | Destroyed Striker 7876 | -4/Warlord | Discovered new exit (range 12) 7882 | -4/Warlord | Entered Proximity Caves 8105 | -3/Proximity Caves | Discovered new exit (range 8) 8107 | -3/Proximity Caves | Entered Research 8246 | -3/Research | Discovered new exit (range 15) 8254 | -3/Research | Entered another Research area 8254 | -2/Research | Warlord forces began assault on 0b10 8336 | -2/Research | Discovered new exit (range 15) 8364 | -2/Research | Research machine network offline 8392 | -2/Research | Discovered new exit (range 16) 8401 | -2/Research | Took control of T9-65O(D) (ally) 8478 | -2/Research | Lost 7 allies 8530 | -2/Research | Spotted Striker 8576 | -2/Research | Spotted Striker 8578 | -2/Research | Spotted Striker 8592 | -2/Research | Spotted B-90 Cyclops 8613 | -2/Research | Borebot progress halted 8619 | -2/Research | Lost 6 allies 8712 | -2/Research | Met up with Warlord 8715 | -2/Research | Took control of God Mode (ally) 8825 | -2/Research | Spotted Striker 8841 | -2/Research | Destroyed Striker 8900 | -2/Research | Borebot progress halted 8910 | -2/Research | Borebot progress halted 9347 | -2/Research | Entered Access 9462 | -1/Access | Destroyed E0-1X3(B) 9564 | -1/Access | Spotted B-99 Colossus 9657 | -1/Access | Destroyed B-99 Colossus 9932 | -1/Access | Garrison activated, responded to threat 9972 | -1/Access | Destroyed 7 combat bots 9976 | -1/Access | Lost 4 parts (1p1n2w) 10847 | -1/Access | First assault squad dispatched 11793 | -1/Access | Lost 5 parts (1p1u3w) 11820 | -1/Access | Core integrity fell below 50% 11828 | -1/Access | Incoming assault squad redirected 11888 | -1/Access | Lost 12 parts (1p5n3u3w) 12091 | -1/Access | Core integrity fell below 20% 12141 | -1/Access | Garrison activated, responded to threat 12212 | -1/Access | Destroyed by P-80 Master with Gamma Rifle Last Messages --------------- 12199_ ALERT: Suspicious intruders detected, dispatching Cutter reinforcements to area. 12204_ ALERT: Potential suspicious activity detected, Programmers report to Access Zone 9R. 12205_ Gamma Rifle destroyed. 12205_ Adv. Remote Datajack destroyed. 12205_ Critical hit (Blast). 12205_ Knocked back. 12207_ Imp. Antigrav System destroyed. 12207_ Knocked back. 12209_ Gamma Rifle destroyed. 12209_ Knocked back. 12209_ Released control of P-80 Master. 12210_ Attempting to rewire P-80 Master. 12210_ P-80 Master cannot be rewired. 12211_ P-80 Master reactivates. 12212_ Slug penetrates Wall. 12212_ Wave Collapse Detector explodes. 12212_ K-01 Serf destroyed. Map ----- +----------------------------------------------------+ | #???????????????????????????????????? | | #???????????????????????????????????? | | #???????????????????????????????????? | | #??????????????????????????????? ??? | | ###### #??????????????????????????????? ??? | | ?????# #??????????????????????????????? ??? | | ?????# #??????????????????????????????? ??? | | ???# +?????????????? ?????????????? ??? | | ? #??# #?????????????# ?????????????? ??? | | ?????# ^ ^^ #?????????????# ?????????????? ??? | | ?????# #?????????????# #????????????# ??? | | ?????# ^ #?????????????# #????????????# ?? | | ?????# #?????????????# #????????????# | | ?????# #?????????????# #????????+ | | ?????# #?????????????# +????????????# #### | | ?????# #???????####### #????????????# #??? | | ?????# #????#### # #????????????# #??? | | ?????# #????# ############## #### | | ?????# #????# p | | ?????# #????# | | ?????# #????# | | ?????# #????# % p | | ?????# % #????# = p################## | | ?????# #????# %= #????????????????? | | ?????# % #????# ! #????????????????? | | ?????# =! #????# @ #????????????????? | | ?????#]%%!= #????#### ; ##???????????????? | | ?????# !*%]! #???########## #???????????????? | | ?????+%![%! ### #######% % #???????????????? | | ?????# !%* ^ " H #???????????????? | | ?????# ^ +???????????????? | | ?????# ! ### ####### p #???????????????? | | ?????# [ #?## ##?????# #???????????????? | | ?????# %% #???? #??????### ###???????????????? | | ?????# #?????#????????# #?????????????????? | | ?????# #??????????????# #?????????????????? | | ?????# #??????????????# #?????????????????? | | ?????# #??????????????? #?????????????????? | | ######% #??????????????? ?????????????????? | | =% % #??????????????? ?????????????????? | | %* % #???????????????# ?????????????????? | | ! #???????????????? ?????????????????? | | % #???????????????? ????????????????? | | #???????????????? #?????????????????? | | #???????????????????????????????????? | | #???????????????????????????????????? | | ##+###########?????????????????????????????? ????? | | ? ??????????????????????????????????????? ????? | | ? ????????????????????????????????????? ????? | | ? " ??????????????????????????????????? ????? | +----------------------------------------------------+ Best States ------------- Heat Dissipation 165 Energy Generation 114 Energy Capacity 1700 Matter Stores 1000 Matter Capacity 1000 Sight Range 22 Robot Scan Range 20 Terrain Scan Range 16 Terrain Scan Density 10 Jamming Range 16 Additional Mass Support 6 EM Shielding 3 Armor Coverage 1200 Resistance: KI 30 Resistance: TH 25 Resistance: EX 100 Resistance: EM 100 Resistance: I 50 Resistance: S 50 Resistance: P 50 Core Shielding 30 Weapon Cycling 25 Evasion (%) 63 Targeting Accuracy 8 Launcher Accuracy 80 Target Analysis 8 Recoil Reduction 14 Particle Charging 20 Kinecelleration 40 Offensive Hacking 10 Item Schematics ----------------- Combat Drone Bay | -7/Data Miner | Free Lgt. Regenerative Plating | -7/Data Miner | Free Cld. Cesium-ion Thruster | -7/Data Miner | Free Gravity Neutralizer | -7/Data Miner | Free Com. Ion Cannon | -7/Data Miner | Free Field Propulsion Drive | -7/Data Miner | Free Lance | -7/Data Miner | Free Lrn. Tractor Beam | -7/Data Miner | Free Exp. Heat Sink | -5/Zhirov | Free Exp. Optical Array | -5/Zhirov | Free Imp. Arc Thrower | -5/Zhirov | Free Assault Drone Bay | -5/Zhirov | Free Robot Schematics ------------------ S-27 Virus | -7/Data Miner | Free A-15 Conveyor | -7/Data Miner | Free G-47 Trooper | -7/Data Miner | Free G-50 Soldier | -7/Data Miner | Free M-22 Extractor | -7/Data Miner | Free B-48 Gladiator | -7/Data Miner | Free Y-54 Guardian | -7/Data Miner | Free Fabricated ------------ Nothing Repaired ---------- Nothing Alien Tech Used ----------------- None Achievements -------------- None Challenges ------------ None Polymind | -11 -10 -10 -9 -9 -9 -8 -8 -7 -7 -7 -7 -6 -6 -6 -5 -5 -5 -5 -5 -5 -4 -4 -4 -4 -4 -3 -3 -2 -1 ---------- Run | Yrd Mat Min Mat Min Exi Min Mat Fac Low Low Dat Pro Fac DSF Fac Was Fac Upp Upp Zhi Pro Fac Upp Upp War Pro Res Res Acc Hosts 26 | 1 1 1 2 . . 1 1 . . . . 1 . . 1 . 2 . . . . 4 . . 1 . . 2 8 Combat Hostiles 13 | . . . 1 . . 1 . . . . . 1 . . . . . . . . . 2 . . . . . . 8 Allies 3 | . . . . . . . . . . . . . . . . . . . . . . . . . 1 . . 2 . Unique Host Classes 17 | 1 1 1 2 . . 1 . . . . . 1 . . 1 . 1 . . . . 2 . . 1 . . 2 3 Average Host Suspicion 59 | 2 58 58 51 38 . 96 22 45 63 8 . 44 . . 18 17 59 5 10 . 97 77 56 38 24 85 55 96 76 Unsuspicious Activity 2522 | 2 . 197 2 . . . 26 126 . . . 105 . . 3 . 10 . 40 . . 35 . 70 19 . . 252 1635 Returns to Shadow 2 | . . . . . . . . . . . . . . . . . . . . . . . . . . . . . 2 Fuzzy Dispatches 11 | . . . . . . . . . . . . . . . . . 1 . . . . . . . . . . . 10 Protomatter Created 7421 | . . . 28 . . 4 . . 28 56 . . . . . . . . . . 59 125 . 85 2269 61 . 3926 780 Used 1486 | 5 5 5 20 . . 23 5 . . . . 51 . . 7 . 10 . . . . 98 . . 39 . . 505 713 Decayed 4209 | . . . 10 . . . . . . 30 . . . . . . . . . . 59 10 . . 890 . . 3116 94 Highest Spend 400 | 5 5 5 15 . . 23 5 . . . . 51 . . 7 . 5 . . . . 74 . . 39 . . 400 192 Top 5 Hosts by Kills: God Mode (-2/Research: 29) Enhanced Demolisher (-4/Warlord: 20) Y-64 Sentinel (-4/Factory: 7) B-36 Bruiser (-8/Mines: 6) Y-54 Guardian (-6/Proximity Caves: 6) Game ------ Seed FlyingBlastRegenerator Manual? 0 Play Time 01:33:26 Cumulative 233.9 hours Start 2025.05.18 @ 16:42:00 End 2025.05.18 @ 20:37:13 Sessions 3 Manual Loads 0 Difficulty Rogue Special Mode Winter2022/Polymind Game No. 82 Rogue 82 Adventurer 0 Explorer 0 Win Type - Total 4 Types 1/0/2/0/0/0/0/0/0/1 Lore% 71 Gallery% 77 Achievement% 70 Wizard Run 0 Options --------- Layout 1 ASCII 0 Keyboard 1 Movement Arrows Keybinds 0 Fullscreen 2 Font 24/Smallcaps Map View 50x35 Zoom Use 0% Tactical HUD 1 Map Filters NONE Filters NONE Steam 1 RUN: 0592cb13-f4de-4a46-9450-ce397353e41b